Map: New Repugnancy LE

Players

Erik

  • Race: Zerg Zerg
  • Spawn Location: 7:00

Clem - Winner!

  • Race: Terran Terran
  • Spawn Location: 1:00

Event: 2019 WCS Summer

VOD

Have the link to the VOD?

Description

Time

  • Played on: July 12, 2019, 2:32 p.m.
  • Length: 20:19

All games in this series

Show
View Real Time Build Order
Export as new Build Order

Erik Zerg 

Build Orders: Hatch First 

Get SALT Encoding   

  12  0:00  Drone  
  13  0:12  Overlord  
  13  0:16  Drone  
  14  0:30  Drone x2  
  16  0:48  Hatchery  
  15  0:51  Drone  
  15  0:54  Drone  
  17  0:57  Drone  
  18  1:09  Extractor  
  17  1:13  Spawning Pool  
  17  1:16  Drone  
  17  1:19  Drone  
  18  1:27  Drone  
  19  1:38  Drone  
  20  1:49  Drone  
  21  2:01  Queen x2  
  21  2:02  Zergling x4  
  27  2:16  Hatchery  
  27  2:20  Overlord  
  27  2:22  Drone  
  27  2:25  Drone  
  28  2:40  Drone x3  
  31  2:51  Roach Warren  
  31  2:53  Drone  
  31  2:56  Drone, Overlord  
  31  2:58  Drone  
  33  3:03  Queen  
  35  3:08  Overlord  
  35  3:28  Queen  
  35  3:31  Roach x5  
  47  3:36  Roach  
  47  3:38  Roach  
  51  3:41  Roach  
  51  3:48  Drone x3  
  56  3:54  Overlord  
  56  3:58  Drone x2  
  58  4:04  Overlord  
  58  4:10  Overlord  
  58  4:14  Ravager  
  58  4:15  Ravager  
  58  4:16  Drone x4  
  64  4:22  Drone x2  
  66  4:31  Drone x6  
  70  4:36  Drone x2  
  72  4:40  Ravager  
  72  4:44  Drone x6  
  79  4:47  Extractor  
  79  4:48  Extractor  
  72  4:56  Drone  
  72  4:57  Drone x3  
  72  4:59  Drone x2  
  68  5:05  Queen  
  68  5:06  Extractor  
  67  5:12  Ravager  
  67  5:13  Drone x4  
  69  5:15  Drone  
  69  5:17  Drone  
  71  5:24  Overlord  
  67  5:32  Drone x7  
  67  5:45  Drone x3  
  67  5:48  Drone  
  67  5:49  Drone x2  
  70  5:50  Lair  
  70  6:00  Drone x4  
  74  6:11  Evolution Chamber  
  73  6:12  Evolution Chamber  
  72  6:19  Drone x5  
  72  6:20  Drone x2  
  72  6:21  Overlord  
  72  6:24  Extractor  
  72  6:25  Extractor  
  77  6:32  Roach  
  80  6:33  Roach x3  
  80  6:42  Overlord  
  76  6:50  Zerg Missile Weapons Level 1, Zerg Ground Armor Level 1  
  76  6:51  Glial Reconstitution  
  76  6:53  Roach  
  76  6:54  Roach x5  
  86  7:04  Drone x3  
  86  7:07  Queen  
  91  7:10  Roach x3  
  91  7:11  Overlord  
  91  7:13  Ravager  
  91  7:14  Overlord  
  98  7:29  Overlord x2  
  98  7:31  Ravager x2  
  98  7:33  Roach x2  
  98  7:37  Hatchery, Overseer  
  104  7:41  Drone  
  104  7:42  Infestation Pit, Drone x3  
  104  7:43  Drone  
  107  7:47  Overlord  
  107  7:49  Roach x2  
  111  7:51  Ravager  
  111  7:57  Overlord  
  112  8:01  Roach x3  
  112  8:02  Roach  
  120  8:13  Metabolic Boost, Drone  
  120  8:14  Baneling Nest  
  120  8:17  Drone x2  
  120  8:18  Overlord  
  122  8:20  Hive  
  122  8:24  Queen  
  122  8:26  Overseer  
  124  8:29  Overlord, Spore Crawler  
  123  8:35  Drone  
  123  8:36  Overlord  
  124  8:46  Drone  
  124  8:47  Drone x5  
  130  8:49  Zerg Ground Armor Level 2  
  130  8:50  Zerg Melee Weapons Level 1  
  130  8:55  Ravager x2  
  132  8:58  Overlord  
  132  8:59  Centrifical Hooks  
  132  9:00  Zergling x6  
  132  9:01  Zergling x12  
  141  9:13  Roach  
  141  9:14  Roach x5  
  153  9:33  Overlord  
  153  9:36  Extractor, Adrenal Glands  
  152  9:38  Ultralisk Cavern  
  152  9:40  Spore Crawler  
  152  9:43  Drone x2  
  152  9:46  Overlord  
  152  9:49  Zergling x30  
  167  9:58  Baneling  
  167  9:59  Baneling x14  
  167  10:13  Overlord  
  167  10:14  Zergling x26  
  168  10:27  Chitinous Plating  
  163  10:35  Baneling x3  
  160  10:36  Baneling x4  
  160  10:38  Ultralisk x4  
  182  10:47  Zergling x2  
  182  10:48  Zergling x16  
  176  10:52  Baneling x6  
  176  10:56  Drone x2  
  178  10:58  Extractor  
  178  10:59  Drone  
  178  11:00  Drone, Spore Crawler  
  178  11:01  Zerg Melee Weapons Level 2  
  177  11:14  Pathogen Glands  
  177  11:16  Overseer  
  180  11:25  Ultralisk  
  180  11:26  Ultralisk x2  
  188  11:35  Viper  
  191  11:43  Viper  
  191  11:46  Zergling x12  
  199  11:56  Baneling x10  
  199  11:58  Hatchery  
  194  12:08  Anabolic Synthesis  
  190  12:12  Overlord  
  190  12:29  Zergling x20  
  197  12:38  Zerg Ground Armor Level 3, Spire  
  189  12:59  Infestor x2  
  189  13:02  Zergling x12  
  199  13:07  Overseer  
  170  13:30  Drone x5  
  170  13:32  Zergling x2  
  170  13:33  Zergling x30  
  183  13:34  Drone  
  175  13:58  Drone  
  175  14:00  Hatchery  
  175  14:02  Ultralisk x5  
  196  14:08  Zergling x2  
  196  14:09  Zergling x6  
  176  14:20  Ultralisk x2  
  176  14:22  Drone x3  
  191  14:29  Zergling x2  
  191  14:30  Zergling x4  
  164  14:52  Infestor x2  
  159  14:58  Drone x6  
  161  15:04  Ravager x3  
  161  15:05  Overseer x3  
  161  15:10  Zergling x14  
  168  15:15  Nydus Network x2  
  160  15:29  Zergling x20  
  145  15:46  Drone x3  
  145  15:47  Drone x3  
  145  15:50  Viper x2  
  147  16:02  Zergling x18  
  153  16:08  Infestor  
  155  16:16  Baneling x7  
  155  16:17  Baneling x3, Nydus Canal  
  155  16:20  Nydus Canal  
  155  16:23  Zergling x10  
  160  16:30  Drone  
  160  16:31  Drone x2  
  159  16:34  Drone  
  159  16:39  Pneumatized Carapace  
  158  16:43  Queen  
  160  16:49  Nydus Canal  
  160  16:50  Nydus Canal  
  160  16:53  Zergling x14  
  167  16:54  Extractor x2  
  165  17:01  Baneling  
  165  17:02  Baneling x13  
  165  17:05  Nydus Canal  
  165  17:07  Nydus Canal  
  162  17:16  Zergling x24  
  162  17:20  Drone x2  
  162  17:22  Spire  
  175  17:26  Drone  
  175  17:29  Spore Crawler  
  175  17:30  Spore Crawler  
  175  17:31  Overseer  
  175  17:35  Zergling x6  
  177  17:49  Ultralisk  
  183  17:52  Drone x6  
  186  18:03  Ultralisk  
  192  18:09  Nydus Canal x2  
  192  18:15  Overlord  
  121  18:36  Infestor  
  121  18:37  Infestor x2  
  121  18:40  Viper x2  
  130  18:43  Nydus Canal  
  130  18:44  Nydus Canal  
  134  18:48  Ultralisk  
  134  18:51  Zergling x20  
  144  18:58  Baneling x6  
  144  18:59  Baneling x3  
  144  19:07  Zergling x2  
  144  19:08  Zergling x6  
  116  19:21  Zergling x16  
  116  19:24  Baneling x4  
  97  19:32  Ultralisk  
  97  19:38  Zergling x10  
  89  19:58  Baneling x3  
  87  20:00  Baneling  
Show
View Real Time Build Order
Export as new Build Order

Clem Terran - Winner!

Build Orders: Liberator Opening, Reaper Expand 

Get SALT Encoding   

  12  0:00  SCV  
  13  0:13  SCV  
  14  0:17  Supply Depot  
  14  0:19  Supply Depot  
  14  0:25  SCV  
  15  0:41  SCV  
  16  0:42  Barracks  
  16  0:45  Refinery  
  16  0:53  SCV  
  17  1:05  SCV  
  18  1:17  SCV  
  19  1:29  Orbital Command, Reaper  
  20  1:42  Command Center  
  20  1:54  Supply Depot  
  20  1:55  SCV  
  21  2:01  Marine  
  22  2:08  Factory  
  22  2:10  SCV  
  23  2:16  Refinery  
  23  2:22  Barracks Reactor, SCV  
  24  2:35  SCV  
  25  2:50  SCV  
  26  2:52  Starport  
  26  2:55  Orbital Command  
  26  3:02  SCV  
  26  3:03  Hellion x2  
  31  3:06  Marine  
  32  3:14  Liberator, SCV  
  32  3:20  SCV  
  32  3:24  Hellion x2  
  37  3:27  Supply Depot  
  37  3:33  SCV  
  41  3:37  SCV  
  41  3:38  Barracks Tech Lab  
  42  3:46  SCV  
  43  3:49  SCV  
  43  3:52  Supply Depot  
  48  3:57  Liberator  
  44  4:03  Bunker, Marine x2  
  44  4:04  Siege Tank  
  44  4:05  SCV x2  
  51  4:15  Supply Depot  
  54  4:17  SCV  
  54  4:20  SCV, Supply Depot  
  54  4:22  Marine  
  54  4:23  Marine  
  58  4:29  SCV  
  59  4:32  SCV  
  60  4:38  Supply Depot  
  60  4:40  Marine x2  
  60  4:41  Siege Tank  
  60  4:43  Supply Depot  
  65  4:51  Liberator  
  54  5:00  SCV x2  
  54  5:01  Marine x2  
  54  5:05  Supply Depot  
  55  5:12  SCV x2  
  60  5:19  Command Center  
  60  5:21  Marine x2  
  60  5:22  Supply Depot x2  
  60  5:26  Siege Tank  
  60  5:28  SCV x2  
  64  5:39  Marine  
  64  5:40  SCV x2  
  67  5:46  Barracks  
  67  5:47  Barracks, Marine  
  65  5:52  SCV x2  
  65  5:53  Refinery  
  65  5:54  Refinery  
  66  5:57  Marine  
  66  5:58  Starport Tech Lab  
  66  5:59  Siege Tank  
  70  6:04  SCV  
  70  6:05  Engineering Bay  
  70  6:06  Engineering Bay  
  71  6:11  Supply Depot  
  71  6:12  Marine  
  71  6:13  SCV  
  71  6:15  Marine  
  71  6:16  SCV  
  75  6:25  SCV, Starport Reactor  
  76  6:28  SCV  
  76  6:30  Marine  
  76  6:31  Terran Infantry Weapons Level 1, Terran Infantry Armor Level 1  
  78  6:32  Marine  
  79  6:41  Barracks, Marine  
  79  6:42  Barracks, SCV  
  79  6:43  Factory Reactor  
  81  6:47  Stimpack  
  81  6:48  Marine  
  81  6:50  Orbital Command, Marine  
  81  6:51  Marine  
  81  6:54  Combat Shield  
  81  6:57  SCV x2  
  81  6:59  Marine  
  81  7:06  Marine  
  82  7:08  Medivac  
  82  7:09  Marine x2, SCV x2  
  82  7:10  Medivac  
  82  7:13  Orbital Command  
  90  7:21  Marine  
  90  7:22  Supply Depot  
  91  7:23  Marine, SCV x2  
  91  7:24  Supply Depot  
  91  7:25  Armory  
  91  7:26  Factory Tech Lab  
  91  7:27  Supply Depot  
  94  7:33  Barracks Reactor  
  94  7:34  Marine x2, Barracks Reactor  
  94  7:35  SCV  
  94  7:36  SCV  
  98  7:40  SCV  
  99  7:47  SCV  
  99  7:48  Siege Tank, Marine  
  99  7:49  Marine  
  99  7:50  SCV  
  106  7:52  SCV, Supply Depot  
  106  7:54  Supply Depot  
  106  7:55  Marine x2  
  109  8:05  Barracks x2  
  109  8:09  Marine  
  109  8:10  Barracks, Marine  
  109  8:11  Marauder  
  111  8:13  Marauder  
  111  8:14  Marine x2  
  111  8:17  Marine x2  
  117  8:20  Medivac  
  117  8:21  Medivac  
  117  8:24  Siege Tank  
  124  8:27  Marine  
  124  8:29  Supply Depot  
  124  8:31  Marine  
  124  8:32  Marine  
  124  8:33  Marauder  
  129  8:38  Terran Infantry Weapons Level 2  
  129  8:40  Supply Depot x2  
  129  8:43  Marine x2  
  129  8:48  Marine x2  
  133  8:50  Supply Depot  
  133  8:51  Terran Infantry Armor Level 2  
  133  8:52  Marine  
  134  8:56  Marine  
  134  9:00  Marine x2  
  134  9:01  Marine  
  139  9:03  Barracks Reactor x2  
  139  9:04  Supply Depot  
  139  9:06  Barracks Reactor  
  138  9:10  Marine x2  
  138  9:11  Marine x2  
  138  9:14  Marine  
  143  9:21  Command Center  
  139  9:25  Medivac x2  
  139  9:30  Marauder, Marine x3  
  138  9:32  Marauder, Marine  
  141  9:42  Marine x2  
  141  9:43  Marine x6  
  148  9:49  Supply Depot  
  148  9:51  Marauder  
  150  9:53  Marauder  
  150  9:54  Terran Vehicle Weapons Level 1  
  150  9:55  Marine x4  
  156  10:00  Siege Tank, Marine  
  156  10:03  Refinery  
  156  10:05  Marine  
  161  10:07  Refinery  
  161  10:13  Marauder  
  158  10:15  Marine x2, Marauder, Medivac  
  149  10:29  Marine x2  
  149  10:30  Marine  
  149  10:32  Siege Tank  
  149  10:34  Marauder  
  154  10:36  Marauder  
  151  10:48  Marine x5  
  141  10:56  Marauder, Planetary Fortress  
  139  10:57  Marine  
  139  10:58  Marine x2, Marauder  
  139  10:59  Barracks Tech Lab  
  139  11:02  Barracks Tech Lab  
  139  11:04  Siege Tank, Concussive Shells  
  144  11:05  Marine  
  144  11:06  Marine, SCV x2  
  146  11:16  Marine x5  
  146  11:17  Marauder, Marine  
  146  11:18  Marine, SCV x3  
  151  11:21  Medivac x2  
  156  11:26  Refinery  
  156  11:27  Refinery  
  156  11:29  Marine, Marauder  
  156  11:30  Marine, SCV  
  156  11:31  SCV  
  156  11:32  SCV  
  163  11:36  Siege Tank  
  163  11:37  Marine  
  167  11:42  Marauder  
  167  11:43  Marauder  
  167  11:46  Marine  
  167  11:47  Marine x2  
  172  11:50  Terran Infantry Weapons Level 3  
  172  11:54  SCV x3  
  176  11:55  SCV  
  177  12:05  Marine x3  
  177  12:06  Marauder x2  
  184  12:08  Marauder  
  184  12:13  Marauder  
  186  12:18  Sensor Tower  
  186  12:19  Terran Infantry Armor Level 3  
  186  12:20  Siege Tank  
  186  12:22  Marine x2  
  191  12:23  Marine  
  191  12:24  Marine  
  191  12:28  Marauder  
  191  12:29  Medivac  
  195  12:30  Marauder, Medivac  
  199  12:42  Liberator, Command Center  
  197  12:48  Ghost Academy  
  197  12:51  Marauder, Starport  
  192  13:04  Marauder  
  196  13:06  Siege Tank  
  199  13:13  Marine  
  199  13:14  Marauder  
  199  13:15  Liberator x3  
  179  13:20  Marauder, Marine x5  
  179  13:22  Marauder, Marine x2  
  179  13:23  SCV  
  179  13:24  SCV  
  179  13:25  Marine  
  187  13:31  Marine  
  197  13:34  Marine  
  197  13:40  Liberator  
  197  13:41  Ghost  
  198  13:48  Ghost  
  192  13:51  Ghost  
  184  14:01  Marauder, Marine x5  
  184  14:02  Siege Tank, Marine  
  183  14:04  Marine x2, Liberator  
  170  14:10  Marauder  
  164  14:29  Ghost  
  143  14:33  Ghost  
  143  14:34  Siege Tank  
  143  14:37  Marine x6  
  143  14:38  Marine  
  147  14:42  Marauder, Marine x2  
  149  14:52  Liberator  
  143  14:54  Marine  
  143  14:58  Marauder  
  143  14:59  Ghost  
  144  15:02  Marauder  
  144  15:03  Marauder  
  144  15:05  Marine x2  
  152  15:11  Marine x5  
  152  15:12  Marine  
  161  15:20  Marauder  
  163  15:22  Siege Tank  
  163  15:24  Marine, Marauder x2  
  168  15:29  Marauder  
  170  15:37  Marine x3  
  170  15:39  Marine  
  170  15:40  Ghost  
  167  15:46  Marine x4, Ghost  
  171  15:55  Marine  
  170  15:58  Planetary Fortress  
  170  16:01  Command Center  
  170  16:02  Command Center  
  170  16:03  Marauder, Marine x2  
  147  16:10  Marine x2  
  147  16:11  Marauder  
  146  16:15  Ghost  
  148  16:19  Marine x3  
  148  16:24  Marauder  
  148  16:25  Marauder  
  155  16:31  Marine x3  
  155  16:32  Marauder  
  160  16:37  Marine x2  
  162  16:42  Marine  
  162  16:44  Marauder  
  165  16:48  Ghost x2  
  165  16:52  Marine  
  165  16:53  Marauder  
  172  17:05  Ghost  
  169  17:13  Siege Tank  
  169  17:14  Marine x2  
  169  17:15  Marine  
  175  17:18  Marine  
  175  17:19  Marine x6  
  175  17:20  Marine  
  175  17:22  Refinery  
  183  17:29  Orbital Command  
  183  17:32  Marine  
  183  17:33  Refinery  
  183  17:34  Marauder, Refinery  
  183  17:35  Command Center  
  183  17:37  Ghost  
  186  17:39  Ghost  
  190  17:45  Siege Tank  
  190  17:51  Marauder  
  194  17:55  Marauder  
  196  18:00  Marine x2  
  196  18:04  Starport  
  198  18:06  Marauder  
  198  18:09  Marauder  
  199  18:18  Marine  
  178  18:37  Command Center  
  178  18:38  Command Center  
  178  18:39  Ghost x3  
  184  18:41  Ghost, Command Center  
  186  18:52  Marine  
  186  18:55  Siege Tank  
  190  18:59  Planetary Fortress  
  190  19:07  Ghost  
  190  19:08  Ghost  
  190  19:09  Supply Depot  
  183  19:12  Ghost  
  169  19:27  Siege Tank, Marine x2, Ghost  
  169  19:28  Marine x4  
  176  19:32  Marine x2  
  176  19:36  Ghost  
  176  19:37  Marauder  
  173  19:41  Marauder  
  173  19:45  Marine  
  163  19:47  Medivac  
  160  19:57  Marine x4  
Tags
 
Add a new tag
Caveats
  • Supply blocks, unpowered buildings, or Contaminate may cause inaccurate times.
  • Supply counts are checked every 10 seconds.